 Dungeon Crawl Stone Soup version 0.22-a0-848-ge9e22a0 (webtiles) character file.

174 Amnesiac the Magician (level 5, -3/35 HPs)
             Began as a Mummy Earth Elementalist on July 27, 2018.
             Splashed by a jelly's acid (8 damage)
             ... on level 4 of the Dungeon.
             The game lasted 00:03:14 (1980 turns).

Amnesiac the Magician (Mummy Earth Elementalist)    Turns: 1980, Time: 00:03:15

Health: -3/35      AC: -5    Str: 11    XL:     5   Next: 28%
Magic:  0/11       EV: 12    Int: 15    God:
Gold:   63         SH:  0    Dex: 13    Spells: 2/12 levels left

rFire    x . .     SeeInvis .   j - +1 mace (curse)
rCold    + . .     Gourm    .   (no shield)
rNeg     + + +     Faith    .   c - +0 robe
rPois    ∞         Spirit   .   (no helmet)
rElec    .         Reflect  .   (no cloak)
rCorr    .         Harm     .   (no gloves)
MR       .....                  e - +0 pair of boots
Stlth    ++........             (no amulet)
HPRegen  0.11/turn              (no ring)
MPRegen  0.12/turn              (no ring)

@: corroded, very slightly contaminated
A: no food or potions, fire vulnerability, cold resistance 1, negative energy
resistance 3, torment resistance, unbreathing
a: no special abilities


You were on level 4 of the Dungeon.
You were not hungry.

You visited 1 branch of the dungeon, and saw 4 of its levels.

You collected 63 gold pieces.

Inventory:

Hand Weapons
 j - a cursed +1 mace (weapon)
Missiles
 b - 48 stones (quivered)
 i - 9 sling bullets
Armour
 c - a +0 robe (worn)
 e - a +0 pair of boots (worn)
Scrolls
 a - a scroll of fear {!r}
 d - 2 scrolls of enchant weapon {!r}
 f - a scroll of enchant armour {!r, unknown}
 h - 2 scrolls of identify {!r, unknown}


   Skills:
 - Level 1.5 Dodging
 - Level 1.5 Stealth
 + Level 4.3 Spellcasting
 - Level 0.7 Transmutations
 * Level 4.3 Earth Magic


You had 2 spell levels left.
You knew the following spells:

 Your Spells              Type           Power        Failure   Level  Hunger
a - Sandblast             Erth           ###...       3%          1    N/A
b - Passwall              Tmut/Erth      ##......     10%         2    N/A
c - Stone Arrow           Conj/Erth      #.....       22%         3    N/A
e - Petrify               Tmut/Erth      ##......     52%         4    N/A

Your spell library contained the following spells:

 Spells                   Type           Power        Failure   Level  Hunger
 Lee's Rapid Deconstruct  Erth           ###.......   63%         5    N/A

Dungeon Overview and Level Annotations

Branches:
Dungeon (4/15)
 Temple: D:4-7

Altars:

Annotations:
D:3 exclusion: ogre


Innate Abilities, Weirdness & Mutations

You do not eat or drink.
Your flesh is vulnerable to fire.
You are immune to poison.
Your flesh is cold resistant. (rC+)
You are immune to negative energy. (rN+++)
You are immune to unholy pain and torment.
You can survive without breathing.


Message History

You see here a worker ant corpse.
d - 2 scrolls of enchant weapon {!r} (gained 1)
You start resting.
You hear a distant slurping noise. x2
Magic restored.
You start resting.
Magic restored.
You start resting.
You hear a distant slurping noise.
HP restored.
You hear a distant slurping noise.
There is an open door here.
A jelly comes into view.
You see here a frilled lizard corpse.
A jelly is nearby!
The jelly quivers.
Casting: Stone Arrow (safe; 22% risk of failure)
Confirm with . or Enter, or press ? or * to list all spells.
Aiming: Stone Arrow (safe; 22% risk of failure)
Press: ? - help, Shift-Dir - straight line, f - jelly
Aim: a jelly The stone arrow hits the jelly.
The jelly is lightly wounded.
Casting: Stone Arrow (safe; 22% risk of failure)
Confirm with . or Enter, or press ? or * to list all spells.
Aiming: Stone Arrow (safe; 22% risk of failure)
Press: ? - help, Shift-Dir - straight line, f/p - jelly
Aim: a jelly (lightly wounded)
You miscast Stone Arrow.
You are very lightly contaminated with residual magic.
You are momentarily dazzled by a flash of light!
The jelly misses you.
Casting: Stone Arrow (safe; 22% risk of failure)
Confirm with . or Enter, or press ? or * to list all spells.
Aiming: Stone Arrow (safe; 22% risk of failure)
Press: ? - help, Shift-Dir - straight line, f/p - jelly
Aim: a jelly (lightly wounded)
The stone arrow hits the jelly.
The jelly is moderately wounded.
The jelly hits you. The acid corrodes you!
You are splashed with acid!
The acid burns!
Casting: Stone Arrow (safe; 22% risk of failure)
Confirm with . or Enter, or press ? or * to list all spells.
Aiming: Sandblast (safe; 3% risk of failure)
Press: ? - help, Shift-Dir - straight line, f/p - jelly
Aim: a jelly (moderately wounded)
The blast of sand hits the jelly.
The jelly is severely wounded.
b - 49 stones The jelly hits you.
The acid corrodes you!
You are splashed with acid!
The acid burns!
* * * LOW HITPOINT WARNING * * *
Casting: Sandblast (safe; 3% risk of failure)
Confirm with . or Enter, or press ? or * to list all spells.
Aiming: Sandblast (safe; 3% risk of failure)
Press: ? - help, Shift-Dir - straight line, f/p - jelly
Aim: a jelly (severely wounded)
The blast of sand hits the jelly.
The jelly is almost dead.
b - 48 stones The jelly hits you.
* * * LOW HITPOINT WARNING * * *
You are splashed with acid!
The acid burns!
You die...

#...#########......
#...#.............#
#...#.............#
#...#.............#
#...#.......>.....#
#...'.............#
#...#..............
#...#..............
#...#...†.@J...$...
#...###'#####.....w
#......÷....#......
#.....).....+......
#...........#.....#
#...........# ...
#...##......#
#...#########
#...........#


You could see a jelly.

Vanquished Creatures
  A hound (D:4)
  An iguana (D:4)
  A worker ant (D:4)
  3 gnolls (D:3)
  4 adders (D:2)
  A leopard gecko (D:3)
  4 ball pythons
  4 bats
  A giant cockroach (D:2)
  3 goblins
  A hobgoblin (D:2)
  2 jackals (D:1)
  A kobold (D:2)
  A quokka (D:2)
  A frilled lizard (D:4)
  2 rats
31 creatures vanquished.

Notes
Turn   | Place    | Note
-------+----------+-------------------------------------------
     0 | D:1      | Amnesiac the Mummy Earth Elementalist began the quest for the Orb.
     0 | D:1      | Reached XP level 1. HP: 13/13 MP: 4/4
   269 | D:1      | Reached XP level 2. HP: 7/19 MP: 2/5
   304 | D:1      | Learned a level 2 spell: Passwall
   864 | D:2      | Reached XP level 3. HP: 13/24 MP: 7/7
   869 | D:2      | Learned a level 3 spell: Stone Arrow
  1562 | D:3      | Noticed an ogre
  1636 | D:3      | Reached XP level 4. HP: 30/30 MP: 7/9
  1687 | D:3      | Learned a level 4 spell: Petrify
  1756 | D:4      | Noticed an ogre
  1763 | D:4      | Reached XP level 5. HP: 35/35 MP: 7/11
  1980 | D:4      | Splashed by a jelly's acid

Vault maps used:
D:1:      dpeg_arrival_short_road
D:3:      grunt_temple_overflow_champion_of_chaos
D:4:      first_ration, xom_teletrap_fun, uniq_grinder

Skill      XL: |  1  2  3  4 |
---------------+-------------+-----
Spellcasting   | 3 4 |  4.3
Earth Magic    | 3 4 |  4.3
Dodging        | |  1.5
Stealth        | |  1.5
Transmutations | |  0.7

Action                   |  1- 3 |  4- 6 || total
-------------------------+-------+-------++-------
Melee: Club              |    93 |       ||    93
       Unarmed           |     8 |       ||     8
       Mace              |    15 |     8 ||    23
 Cast: Sandblast         |     7 |    20 ||    27
       Stone Arrow       |       |     3 ||     3
  Use: Scroll            |     3 |       ||     3
 Stab: Sleeping          |     3 |       ||     3
Armor: Robe              |    45 |     3 ||    48
Dodge: Dodged            |   112 |    13 ||   125

Table legend:
 A = Spawn XP
 B = Non-spawn XP
 C = Spawn XP percentage of total XP
 D = Spawn monster count
 E = Non-spawn monster count
 F = Spawn count percentage of total count
 G = Total turns spent on level
                    A         B        C        D         E        F      G
               +---------+---------+-------+---------+---------+-------+---------
         Total |       0 |     249 |   0.0 |       0 |      31 |   0.0 |  1980
               +---------+---------+-------+---------+---------+-------+---------
           D:1 |       0 |      12 |   0.0 |       0 |       6 |   0.0 |   465
           D:2 |       0 |      68 |   0.0 |       0 |      12 |   0.0 |  1024
           D:3 |       0 |      51 |   0.0 |       0 |       8 |   0.0 |   205
           D:4 |       0 |     118 |   0.0 |       0 |       5 |   0.0 |   286
               +---------+---------+-------+---------+---------+-------+---------
